 Dungeon Crawl Stone Soup version 0.28.0-53-g5a82cb258f (webtiles) character file.

Game seed: 12577252052034898967

1912 DocClef the Cutter (level 8, -15/63 HPs)
             Began as a Green Draconian Fighter on June 14, 2022.
             Was a Follower of Hepliaklqana.
             Demolished by a wight
             ... wielding a +5 great sword
              (24 damage)
             ... on level 6 of the Dungeon.
             The game lasted 00:06:59 (5439 turns).

DocClef the Cutter (Green Draconian Fighter)        Turns: 5439, Time: 00:07:00

Health: -15/63     AC:  6    Str: 18    XL:     8   Next: 95%
Magic:  8/8        EV: 12    Int:  9    God:    Hepliaklqana [*.....]
Gold:   217        SH:  9    Dex: 13    Spells: 7/7 levels left

rFire   . . .      SeeInvis .   a - +0 rapier
rCold   . . .      Faith    .   e - +0 kite shield
rNeg    . . .      Spirit   .   (armour unavailable)
rPois   +          Reflect  .   (helmet restricted)
rElec   .          Harm     .   (no cloak)
rCorr   .          Rampage  .   (no gloves)
Will    .....                   (no boots)
Stlth   ++........              (no amulet)
HPRegen 0.20/turn               (no ring)
MPRegen 0.11/turn               (no ring)

@: short of breath
A: reduced essence, breathe noxious fumes, AC +6, unfitting armour, poison
resistance, cold-blooded
a: Breathe Noxious Fumes, Renounce Religion, Recall Ancestor, Ancestor Identity


You were on level 6 of the Dungeon.
You worshipped Hepliaklqana.
Hepliaklqana was aware of your devotion.
You visited 2 branches of the dungeon, and saw 7 of its levels.

You collected 217 gold pieces.

Inventory:

Hand Weapons
 a - a +0 rapier (weapon)
Missiles
 r - 2 throwing nets (quivered)
Armour
 b - a +0 buckler
 e - a +0 kite shield (worn)
Jewellery
 d - a ring of fire
 i - the ring of the Hare {EV+8}
   (You found it on level 3 of the Dungeon)

   [ring of evasion]

   EV:        It affects your evasion (+8).
 k - an amulet of magic regeneration
 m - an amulet of guardian spirit
Scrolls
 h - a scroll of identify
 l - a scroll of fear {unknown}
 t - a scroll of amnesia {unknown}
 u - a scroll of teleportation {unknown}
 v - a scroll of blinking {unknown}
 w - a scroll of torment {unknown}
Potions
 c - 5 potions of might
 f - 3 potions of curing
 g - a potion of resistance {unknown}
 j - 2 potions of mutation {unknown}
 n - a potion of magic {unknown}
 o - a potion of lignification {unknown}
 p - a potion of haste
 q - a potion of attraction {unknown}
 s - a potion of heal wounds {unknown}


   Skills:
 + Level 6.3 Fighting
 + Level 7.7 Short Blades
 + Level 5.3 Dodging
 + Level 1.6 Stealth
 + Level 5.9 Shields


You had 7 spell levels left.
You didn't know any spells.
Your spell library contained the following spells:

 Spells                   Type           Power      Damage    Failure   Level
 Blink                    Tloc           0%         N/A       86%         2
 Dazzling Flash           Conj/Hex       0%         N/A       97%         3
 Summon Guardian Golem    Hex/Summ       0%         N/A       97%         3
 Iskenderun's Mystic Bla  Conj/Tloc      0%         2d3       100%        4
 Manifold Assault         Tloc           0%         N/A       100%        5
 Starburst                Conj/Fire      0%         6d3       100%        6
 Orb of Destruction       Conj           0%         9d5       100%        7
 Spellforged Servitor     Conj/Summ      0%         N/A       100%        7
 Storm Form               Tmut/Air       0%         N/A       100%        7


Dungeon Overview and Level Annotations

Branches:
Dungeon (6/15)             Temple (1/1) D:4

Altars:
Dithmenos
Elyvilon
Fedhas
Gozag
Hepliaklqana
Kikubaaqudgha
Makhleb
Okawaru
Ru
Sif Muna
Trog
Uskayaw
Vehumet
Xom
Zin
The Shining One

Shops:
D:1 (   D:2 [

Annotations:
D:2 Sigmund
D:4 trickyswaf's ghost, novice HOFi


Innate Abilities, Weirdness & Mutations

Your life essence is reduced to manifest your ancestor. (-10% HP)
You can breathe blasts of noxious fumes.
Your lurid green scales are hard. (AC +6)
You cannot fit into any form of body armour.
Your system is resistant to poisons. (rPois)
You are cold-blooded and may be slowed by cold attacks.


Message History

You tail-slap the steam dragon, but do no damage.
The steam dragon is lightly wounded.
You block the steam dragon's attack. The steam dragon misses you.
The wight hits Aula with a +5 great sword!
Aula is destroyed!
You hit the steam dragon.
The steam dragon is moderately wounded.
The steam dragon misses you. The steam dragon closely misses you.
You puncture the steam dragon!
The steam dragon is severely wounded.
You block the steam dragon's attack. The steam dragon closely misses you.
You hit the steam dragon.
The steam dragon is severely wounded.
The steam dragon bites you.
* * * LOW HITPOINT WARNING * * *
You block the steam dragon's attack.
You hit the steam dragon but do no damage.
The steam dragon is severely wounded.
The steam dragon breathes steam at you. The ball of steam misses you.
You hit the steam dragon.
The steam dragon is almost dead.
You are engulfed in a cloud of scalding steam.
* * * LOW HITPOINT WARNING * * *
You block the steam dragon's attack.
The steam dragon claws you but does no damage.
You have got your breath back.
You block the steam dragon's attack. x2
You hit the steam dragon.
The steam dragon is almost dead.
You hit the steam dragon.
You kill the steam dragon!
Aiming: Breathe Noxious Fumes (4% risk of failure)
Press: ? - help, Shift-Dir - straight line, f - wight
Aim: a wight, wielding a +5 great sword and wearing a +0 plate armour (75% to hit)
You exhale a blast of noxious fumes.
The blast of choking fumes hits the wight.
The wight completely resists.
The wight hits you with a +5 great sword!!
You die...

..........# ##########
########.####..#
#......+..# #...#
#........
......#...#+.8§#
######..#
.....##...#...######
#..#
#...'##.)#.§.#....#
#.^.
#...#.###§.8.'.##.#
#.##
#.)z#..#)#...####.#
#.#.
.....###'##z@#...####.#
#... ...
##..##+.8.#....####.#.
. ##.# #...#.........##
### ############....
##... ##.# #.# #.# ##'#


You could see a wight.

Vanquished Creatures
  Pikel (D:5)
  A steam dragon (D:6)
  A sky beast (D:4)
  An ogre (D:4)
  A centaur (D:6)
  Blork the orc (D:6)
  2 water moccasin zombies
  3 scorpions (D:5)
  2 water moccasin skeletons
  2 howler monkeys (D:6)
  A bullfrog skeleton (D:5)
  2 centaur skeletons
  An orc priest (D:3)
  5 hounds
  A gnoll shaman (D:6)
  An iguana (D:6)
  A hound zombie (D:5)
  A hound skeleton (D:4)
  A howler monkey zombie (D:5)
  5 adders
  3 gnolls (D:5)
  3 hound simulacra (D:4)
  A white imp (D:4)
  A worm (D:4)
  3 dart slugs
  An adder simulacrum (D:4)
  6 orcs
  4 bats
  6 endoplasms
  A giant cockroach (D:3)
  4 goblins
  5 hobgoblins
  A kobold (D:4)
  6 quokkas
  7 ball pythons
  3 frilled lizards
  2 rats (D:1)
91 creatures vanquished.

Vanquished Creatures (others)
  An ancestor (D:6)
  A plant (D:4)
2 creatures vanquished.

Grand Total: 93 creatures vanquished

Notes
Turn   | Place    | Note
-------+----------+-------------------------------------------
     0 | D:1      | DocClef the Draconian Fighter began the quest for the Orb.
     0 | D:1      | Reached XP level 1. HP: 19/19 MP: 1/1
   155 | D:1      | Found Zyqu's Weapon Emporium.
   299 | D:1      | Reached XP level 2. HP: 23/26 MP: 2/2
   795 | D:2      | Found Weritom's Armour Shoppe.
  1160 | D:2      | Reached XP level 3. HP: 33/33 MP: 3/3
  1218 | D:2      | Noticed Sigmund
  1292 | D:3      | Reached XP level 4. HP: 18/40 MP: 4/4
  1297 | D:3      | HP: 2/40 [orc/+0 short sword (3)]
  1667 | D:3      | Reached skill level 3 in Short Blades
  1680 | D:3      | Found the ring of the Hare {EV+8}
  1722 | D:3      | Noticed a scorpion
  1755 | D:3      | Found a faded altar of an unknown god.
  1760 | D:3      | Found a bloodstained altar of Trog.
  2008 | D:4      | Noticed an ogre
  2020 | D:4      | Killed an ogre
  2021 | D:4      | Reached XP level 5. HP: 11/46 MP: 5/5
  2390 | D:4      | Reached skill level 4 in Short Blades
  2522 | D:4      | Reached skill level 1 in Stealth
  2586 | D:4      | Noticed a sky beast
  2609 | D:4      | Killed a sky beast
  2610 | D:4      | Reached XP level 6. HP: 7/52 MP: 6/6
  2879 | D:4      | Found a staircase to the Ecumenical Temple.
  2898 | Temple   | Entered the Ecumenical Temple
  3119 | Temple   | Became a worshipper of Hepliaklqana the Forgotten
  3149 | D:4      | Noticed trickyswaf's ghost (novice HOFi)
  3277 | D:4      | Found a sacrificial altar of Ru.
  3285 | D:4      | Found a hide-covered altar of Uskayaw.
  3414 | D:4      | Found an iron altar of Okawaru.
  3440 | D:4      | Found a runed translucent gate.
  3440 | D:4      | Found a runed translucent gate.
  3440 | D:4      | Found a runed translucent gate.
  3699 | D:5      | Entered Level 5 of the Dungeon
  3699 | D:5      | Noticed Pikel
  4122 | D:5      | Killed Pikel
  4123 | D:5      | Reached skill level 6 in Short Blades
  4123 | D:5      | Your scales start taking on a lurid green colour.
  4123 | D:5      | Reached XP level 7. HP: 27/60 MP: 7/7
  4123 | D:5      | Gained mutation: Your system is resistant to poisons.
                  | (rPois) [Green Draconian growth]
  4193 | D:5      | Reached XP level 8. HP: 21/67 MP: 8/8
  4378 | D:5      | Reached skill level 5 in Fighting
  4528 | D:5      | Reached skill level 5 in Shields
  5170 | D:6      | Noticed Blork the orc
  5171 | D:6      | Reached * piety under Hepliaklqana
  5184 | D:6      | Killed Blork the orc
  5185 | D:6      | Reached skill level 7 in Short Blades
  5349 | D:6      | Reached skill level 5 in Dodging
  5439 | D:6      | Demolished by a wight

Illustrated notes

Levels and vault maps discovered:
D:1:      sevenhm_arrival_forest_fort_large_2, layout_rooms, serial_shops, shop,
          chequers_jeans
D:2:      layout_rooms, serial_shops, nicolae_shop_advertising_works
          [nicolae_subvault_shop_adworks], ebering_ecumenical_altar_webs,
          wad_floor_pattern_untrapped, nicolae_elevator_lobby_plus, uniq_sigmund
D:3:      layout_basic, marbit_many_paths, nicolae_overflow_ecumenical_swirl,
          kennysheep_path_1
D:4:      layout_loops_corners, kennysheep_mini, nicolae_uskayaw_dance_hall,
          overflow_temple_1_default, minmay_temple_entry_gardened_gates,
          gammafunk_ghost_icy
D:5:      layout_cave_pools, uniq_pikel
D:6:      minmay_chambers_of_threes, layout_loops_corners,
          nicolae_wu_jian_immortal_techniques, hangedman_decor_clover_reticule,
          grunt_decor_cap, amethyst_killhole, uniq_blork_the_orc
Temple:   minmay_temple_bridge_abc

Skill      XL: |  1  2  3  4  5  6  7  8 |
---------------+-------------------------+-----
Dodging        | 3 4 5 |  5.3
Short Blades   | 3 4 6 7 |  7.7
Fighting       | 4 6 |  6.3
Stealth        | 1 |  1.6
Shields        | 4 5 |  5.9

Action                   |  1- 3 |  4- 6 |  7- 9 || total
-------------------------+-------+-------+-------++-------
Melee: Rapier            |    86 |   176 |   170 ||   432
       Tailslap          |     7 |    19 |    29 ||    55
 Abil: Breathe Noxious F |       |       |     3 ||     3
  Use: Potion            |       |     2 |       ||     2
       Scroll            |       |     1 |     2 ||     3
 Stab: Sleeping          |     1 |       |       ||     1
       Distracted        |       |       |     1 ||     1
       Confused          |       |       |     1 ||     1
Armor: Skin              |    22 |    49 |    38 ||   109
Dodge: Dodged            |    45 |    81 |    68 ||   194
Block: Buckler           |    10 |       |       ||    10
       Kite shield       |    17 |    69 |    74 ||   160
